 Dungeon Crawl Stone Soup version 0.21-a0-552-g593960d (webtiles) character file.

70 Klosterheim the Skirmisher (level 4, -2/45 HPs)
             Began as an Ogre Skald on Dec 17, 2017.
             Killed from afar by an orc wizard (6 damage)
             ... with a puff of flame
             ... on level 3 of the Dungeon.
             The game lasted 00:03:57 (2182 turns).

Klosterheim the Skirmisher (Ogre Skald)             Turns: 2182, Time: 00:03:58

Health: -2/45      AC:  3    Str: 15    XL:     4   Next: 21%
Magic:  4/8        EV: 10    Int: 15    God:
Gold:   153        SH:  3    Dex:  8    Spells: 3/9 levels left

rFire    . . .     SeeInvis +   a - +0 mace
rCold    . . .     Gourm    .   (no shield)
rNeg     . . .     Faith    .   b - +0 robe
rPois    .         Spirit   .   (helmet restricted)
rElec    .         Reflect  +   (no cloak)
rCorr    .         Harm     .   (gloves unavailable)
MR       .....                  (boots unavailable)
Stlth    +.........             e - +3 amulet of reflection
HPRegen  0.15/turn              g - ring of see invisible
MPRegen  0.11/turn              (no ring)

@: hasted, very quick
A: large, unfitting armour, tough skin 1
a: no special abilities


You were on level 3 of the Dungeon.
You were very hungry.

You visited 1 branch of the dungeon, and saw 3 of its levels.

You collected 153 gold pieces.

Inventory:

Hand Weapons
 a - a +0 mace (weapon)
Armour
 b - a +0 robe (worn)
Jewellery
 e - a +3 amulet of reflection (around neck)
 g - a ring of see invisible (left hand)
Scrolls
 h - 5 scrolls of identify
 i - a scroll of teleportation {unknown}
 l - a scroll of immolation {unknown}
 m - a scroll of remove curse
 n - a scroll of amnesia {unknown}
Books
 c - a book of Battle

   Spells                             Type                      Level
   a - Infusion                       Charms                       1
   b - Shroud of Golubria             Charms/Translocation         2
   c - Song of Slaying                Charms                       2
   d - Spectral Weapon                Hexes/Charms                 3
   e - Regeneration                   Charms/Necromancy            3
Comestibles
 d - 2 bread rations
 f - 6 fruits
 j - a royal jelly


   Skills:
 + Level 3.3 Fighting
 * Level 2.7 Maces & Flails
 + Level 2.5 Dodging
 + Level 3.0 Spellcasting
 + Level 3.0 Charms


You had 3 spell levels left.
You knew the following spells:

 Your Spells              Type           Power        Failure   Level  Hunger
a - Infusion              Chrm           ##..         5%          1    #......
b - Shroud of Golubria    Chrm/Tloc      #.........   16%         2    ##.....
c - Regeneration          Chrm/Necr      #.........   32%         3    ###....


Dungeon Overview and Level Annotations

Branches:
Dungeon (3/15)

Altars:


Innate Abilities, Weirdness & Mutations

You are too large for most types of armour.
You have tough skin. (AC +1)


Message History

The orc wizard is severely wounded.
The orc wizard hits you with a dagger.
You closely miss the orc wizard.
The orc wizard is severely wounded.
The orc wizard points at you and mumbles some strange words.
The puff of flame hits you!
* * * LOW HITPOINT WARNING * * *
You closely miss the orc wizard.
The orc wizard is severely wounded.
The orc wizard hits you with a dagger.
* * * LOW HITPOINT WARNING * * *
The orc wizard hits you but does no damage.
You hit the orc wizard.
The orc wizard is almost dead.
The orc wizard closely misses you.
You barely miss the orc wizard.
The orc wizard is almost dead.
The orc wizard casts a spell at you. The puff of flame hits you!
You die...

## o# .# .#
##.##
########...##
#....@ooo?..#
#<######....#
#.# ##.#.#
#.# .#... #.#
.. ### #..
... ..# ###.
#.# .. #.#


You could see an orc wizard and 2 orcs.

Vanquished Creatures
  2 adders (D:2)
  A worm (D:2)
  2 dart slugs (D:1)
  2 orcs (D:3)
  5 bats
  2 giant cockroaches
  7 hobgoblins
  2 jackals (D:1)
  4 kobolds
  A quokka (D:2)
  A ball python (D:1)
  3 frilled lizards
  4 goblins
  6 rats
42 creatures vanquished.

Notes
Turn   | Place    | Note
-------+----------+-------------------------------------------
     0 | D:1      | Klosterheim the Ogre Skald began the quest for the Orb.
     0 | D:1      | Reached XP level 1. HP: 22/22 MP: 3/3
   283 | D:1      | Reached XP level 2. HP: 24/29 MP: 3/5
   478 | D:1      | Learned a level 2 spell: Shroud of Golubria
   704 | D:1      | Reached XP level 3. HP: 37/37 MP: 7/7
  1210 | D:2      | Learned a level 3 spell: Regeneration
  1432 | D:2      | HP: 1/37 [poisoned by an adder]
  1751 | D:2      | Reached XP level 4. HP: 45/45 MP: 8/8
  2182 | D:3      | Killed from afar by an orc wizard

Vault maps used:
D:1:      dpeg_arrival_tiny_a, serial_park_tiny_pond, roderic_lattice_a
D:3:      uniq_robin, uniq_jessica

Skill      XL: |  1  2  3  4 |
---------------+-------------+-----
Maces & Flails | 2 |  2.7
Fighting       | 3 |  3.3
Charms         | 3 |  3.0
Spellcasting   | 3 |  3.0
Dodging        | |  2.5

Action                   |  1- 3 |  4- 6 || total
-------------------------+-------+-------++-------
Melee: Mace              |   128 |    44 ||   172
 Cast: Shroud of Golubri |     6 |     3 ||     9
       Infusion          |     3 |       ||     3
       Regeneration      |     1 |     1 ||     2
  Use: Scroll            |     2 |       ||     2
       Potion            |     3 |     1 ||     4
  Eat: Chunk             |     2 |     2 ||     4
Armor: Robe              |    47 |    13 ||    60
Dodge: Dodged            |    78 |    25 ||   103
Block: Other             |    14 |     6 ||    20

Table legend:
 A = Spawn XP
 B = Non-spawn XP
 C = Spawn XP percentage of total XP
 D = Spawn monster count
 E = Non-spawn monster count
 F = Spawn count percentage of total count
 G = Total turns spent on level
                    A         B        C        D         E        F      G
               +---------+---------+-------+---------+---------+-------+---------
         Total |       0 |     100 |   0.0 |       0 |      42 |   0.0 |  2182
               +---------+---------+-------+---------+---------+-------+---------
           D:1 |       0 |      40 |   0.0 |       0 |      22 |   0.0 |   997
           D:2 |       0 |      54 |   0.0 |       0 |      18 |   0.0 |  1147
           D:3 |       0 |       6 |   0.0 |       0 |       2 |   0.0 |    38
               +---------+---------+-------+---------+---------+-------+---------
